 Dungeon Crawl Stone Soup version 0.29.1-15-g9cfb28693d (webtiles) character file.

Game seed: 926503846274506979

2088 croobank the Firebug (level 9, -10/65 HPs)
             Began as a Demonspawn Fire Elementalist on Apr 19, 2023.
             Mangled by an orc warlord
             ... wielding a +6 battleaxe
              (32 damage)
             ... in a bailey.
             The game lasted 00:27:15 (8414 turns).

croobank the Firebug (Demonspawn Fire Elementalist) Turns: 8414, Time: 00:27:16

Health: -10/65     AC:  7    Str: 14    XL:     9   Next: 6%
Magic:  2/15       EV: 17    Int: 18    God:
Gold:   244        SH:  0    Dex: 14    Spells: 2/16 levels left

rFire   . . .      SeeInvis .   A - +2 hand axe (elec)
rCold   . . .      Faith    .   (no shield)
rNeg    . . .      Spirit   .   q - +1 robe of Least Resistance {rPois Regen+ Int-3}
rPois   +          Reflect  .   (no helmet)
rElec   .          Harm     .   x - +1 cloak
rCorr   .          Rampage  .   (no gloves)
Will    .....                   (no boots)
Stlth   ++........              (no amulet)
HPRegen 1.00/turn               k - +4 ring of evasion
MPRegen 0.14/turn               y - +6 ring of strength

@: brilliant, very slightly contaminated, very slow
A: claws 2, spiny 1, sharp scales 2
a: no special abilities


You were in a bailey.
You visited 2 branches of the dungeon, and saw 8 of its levels.
You also visited: Bailey.

You collected 476 gold pieces.
You spent 232 gold pieces at shops.

Inventory:

Hand Weapons
 b - a +0 sling
 d - a +0 long sword
 f - a +0 dagger
 l - a +0 flail
 p - a +1 flail of draining
 v - a +0 war axe
 A - a +2 hand axe of electrocution (weapon)
 D - a +0 broad axe
Missiles
 i - 19 boomerangs (quivered)
 m - 2 atropa-tipped darts
Armour
 a - a +0 robe
 q - the +1 robe of Least Resistance (worn) {rPois Regen+ Int-3}
   (You found it on level 3 of the Dungeon)

   Int:       It affects your intelligence (-3).
   rPois:     It protects you from poison.
   Regen:     It increases your rate of health regeneration.
 x - a +1 cloak (worn)
Jewellery
 k - a +4 ring of evasion (left claw)
 n - a +6 ring of dexterity
 y - a +6 ring of strength (right claw)
Wands
 t - a wand of flame (19)
Scrolls
 e - 4 scrolls of teleportation
 j - a scroll of amnesia
 o - a scroll of magic mapping
 G - a scroll of immolation
 J - a scroll of fear {unknown}
Potions
 c - 3 potions of curing
 g - a potion of flight
 r - 3 potions of cancellation
 s - a potion of attraction
 z - a potion of berserk rage {unknown}
 B - a potion of might {unknown}
 C - 2 potions of lignification {unknown}
 E - a potion of heal wounds
 H - a potion of resistance {unknown}


   Skills:
 + Level 4.1 Fighting
 + Level 4.2 Dodging
 + Level 4.6 Stealth
 + Level 4.3 Spellcasting
 + Level 4.3 Conjurations
 * Level 4.0 Hexes
 + Level 1.3 Transmutations
 * Level 5.1 Fire Magic
 + Level 1.2 Air Magic


You had 2 spell levels left.
You knew the following spells:

 Your Spells              Type           Power      Damage    Failure   Level
a - Foxfire               Conj/Fire      100%       2x1d9     1%          1
b - Scorch                Fire           66%        2d8       2%          2
c - Inner Flame           Hex/Fire       30%        N/A       7%          3
d - Storm Form            Tmut/Air       6%         N/A       100%        7
e - Slow                  Hex            100%       N/A       2%          1

Your spell library contained the following spells:

 Spells                   Type           Power      Damage    Failure   Level
 Magic Dart               Conj           100%       1d8       2%          1
 Call Imp                 Summ           5%         N/A       22%         2
 Conjure Flame            Conj/Fire      31%        6-21      6%          3
 Confusing Touch          Hex            27%        N/A       9%          3
 Ignite Poison            Fire/Tmut/Pois 17%        N/A       19%         3
 Mephitic Cloud           Conj/Pois/Air  15%        N/A       21%         3
 Flame Wave               Conj/Fire      31%        2d9       21%         4
 Gell's Gravitas          Tloc           5%         N/A       38%         3
 Lesser Beckoning         Tloc           5%         N/A       38%         3
 Teleport Other           Tloc           5%         N/A       38%         3
 Vampiric Draining        Necr           5%         2d6       38%         3
 Ice Form                 Ice/Tmut       9%         N/A       73%         4
 Petrify                  Tmut/Erth      9%         N/A       73%         4
 Passage of Golubria      Tloc           5%         N/A       80%         4
 Freezing Cloud           Conj/Ice/Air   7%         6-21      88%         5
 Necromutation            Tmut/Necr      4%         N/A       100%        8


Dungeon Overview and Level Annotations

Branches:
Dungeon (7/15)             Temple (1/1) D:4          Bailey (1/1)

Altars:
Cheibriados
Fedhas
Nemelex Xobeh
Okawaru
Qazlal
Ru
Sif Muna
Trog
Wu Jian
Xom

Shops:
D:7 *


Innate Abilities, Weirdness & Mutations

You have very sharp fingernails.
You are partially covered in sharp spines.
You are mostly covered in razor-sharp scales. (AC +2, Slay +2)


Message History

The orc warlord is burned terribly!
Flame seeps out of the orc warlord.
The orc warlord is moderately wounded.
The orc warlord is engulfed in blazing flames.
Flame seeps out of the orc warlord.
There is an open door here.
You feel yourself slow down.
Casting: Scorch (safe; 2% risk of failure)
Confirm with . or Enter, or press ? or * to list all spells.
You feel a surge of power!
You miscast Scorch.
You are very lightly contaminated with residual magic.
Nothing appears to happen.
You enter the shallow water.
Moving in this stuff is going to be slow.
Things that are here:
a +0 hand axe; a +0 leather armour
Casting: Scorch (safe; 2% risk of failure)
Confirm with . or Enter, or press ? or * to list all spells.
You feel a surge of power!
Flames lash the orc warlord but do no damage.
The orc warlord hits you with a +6 battleaxe!!
The orc warlord attacks as you move away!
The orc warlord hits you with a +6 battleaxe!
Items here: )) [[.
The orc warlord attacks as you move away!
The orc warlord hits you with a +6 battleaxe!
* * * LOW HITPOINT WARNING * * *
The orc warlord is no longer more vulnerable to fire.
Okay, then.
Okay, then.
Casting: Scorch (safe; 2% risk of failure)
Confirm with . or Enter, or press ? or * to list all spells.
You don't know that spell.
Casting: Scorch (safe; 2% risk of failure)
Confirm with . or Enter, or press ? or * to list all spells.
Aiming: Slow (safe; 2% risk of failure)
Press: ? - help, Shift-Dir - straight line, f/p - orc warlord
Aim: an orc warlord, wielding a +6 battleaxe and wearing a +0 chain mail (moderately wounded, inner flame, chance to affect: 29%)
You feel a surge of power!
The orc warlord seems to slow down.
The orc warlord hits you with a +6 battleaxe!!
You die...

...................#
.####...####......##
##~~#####~~##....##♣
#~}!8...8?}~#)..##.♣
#~.........~#'###..♣♣
#~..8...8..~#.)))...♣
##.........##.)~~...♣♣
#~....∩....~#.~o[...∩♣
#~.........~#.))@...♣♣
#~~.8...8.~~#)~~~...♣
###.......###'###..♣♣
.#~.8...8.~#....##.♣
.#~~~~~~~~~#.....##♣
.####~~~####......##
....#'''#......8...#
....)..............#
...........÷.......#


You could see an orc warlord (inner flame, slow).

Vanquished Creatures
  Menkaure (D:4)
  A water moccasin (D:6)
  An ice beast (D:5)
  3 orc warriors (Bailey)
  3 black bears
  4 ogres
  A phantom (D:6)
  Blork the orc (D:5)
  4 scorpions
  A hound (D:6)
  2 orc priests (D:6)
  3 iguanas
  3 orc wizards
  8 gnolls
  5 adders
  A shadow imp (D:4)
  2 white imps (D:6)
  2 dart slugs
  19 orcs
  5 ball pythons
  5 endoplasms
  3 giant cockroaches
  12 goblins
  8 hobgoblins
  13 jackals
  6 quokkas
  6 bats
  2 frilled lizards
  18 kobolds
  A rat (D:1)
144 creatures vanquished.

Vanquished Creatures (collateral kills)
  A foxfire (D:4)
1 creature vanquished.

Vanquished Creatures (others)
  303 foxfires
  A fungus (D:4)
  2 plants (D:3)
  5 toadstools (D:4)
311 creatures vanquished.

Grand Total: 456 creatures vanquished

Notes
Turn   | Place    | Note
-------+----------+-------------------------------------------
     0 | D:1      | croobank the Demonspawn Fire Elementalist began the quest
                  | for the Orb.
     0 | D:1      | Reached XP level 1. HP: 13/13 MP: 3/3
   467 | D:1      | Gained mutation: You are partially covered in sharp spines.
                  | [demonic ancestry]
   467 | D:1      | Reached XP level 2. HP: 11/19 MP: 5/5
   470 | D:1      | Learned a level 2 spell: Scorch
  1226 | D:1      | Found a faded altar of an unknown god.
  1371 | D:2      | Gained mutation: You are partially covered in razor-sharp
                  | scales. (AC +1, Slay +1) [demonic ancestry]
  1371 | D:2      | Reached XP level 3. HP: 25/25 MP: 1/6
  1501 | D:2      | Reached skill level 1 in Fighting
  1574 | D:2      | Reached skill level 3 in Fire Magic
  1645 | D:2      | Gained mutation: You have sharp fingernails. [demonic
                  | ancestry]
  1645 | D:2      | Reached XP level 4. HP: 17/32 MP: 1/7
  2630 | D:3      | Identified the +1 robe of Least Resistance {rPois Regen+
                  | Int-3}
  3172 | D:3      | Identified the +2 war axe "Embalmer" {flame, rElec}
  3215 | D:3      | Gained mutation: You have very sharp fingernails. [demonic
                  | ancestry]
  3215 | D:3      | Reached XP level 5. HP: 37/37 MP: 2/8
  3640 | D:4      | Noticed an ogre
  3653 | D:4      | Learned a level 3 spell: Inner Flame
  3658 | D:4      | Killed an ogre
  3671 | D:4      | Reached XP level 6. HP: 44/44 MP: 0/10
  3914 | D:4      | Found a staircase to the Ecumenical Temple.
  3937 | D:4      | Reached skill level 1 in Hexes
  4021 | Temple   | Entered the Ecumenical Temple
  4348 | D:4      | Noticed Menkaure
  4353 | D:4      | Killed Menkaure
  4835 | D:4      | Reached XP level 7. HP: 42/51 MP: 6/11
  5060 | D:5      | Entered Level 5 of the Dungeon
  5413 | D:5      | Reached skill level 4 in Fire Magic
  5706 | D:5      | Reached XP level 8. HP: 58/58 MP: 3/13
  5867 | D:5      | Noticed Blork the orc
  5876 | D:5      | Killed Blork the orc
  6579 | D:5      | Identified a scroll of acquirement
  6579 | D:5      | Acquired the Incunabulum of the Firefly
  6589 | D:5      | Learned a level 7 spell: Storm Form
  7328 | D:6      | Reached skill level 1 in Transmutations
  7573 | D:7      | Found a flagged portal.
  7580 | D:7      | Found Sumas's General Store.
  7592 | D:7      | Bought a scroll of identify for 30 gold pieces
  7592 | D:7      | Bought a scroll of identify for 30 gold pieces
  7592 | D:7      | Bought a scroll of enchant armour for 112 gold pieces
  7592 | D:7      | Bought a scroll of immolation for 60 gold pieces
  7602 | Bailey   | Entered a bailey
  7605 | Bailey   | Learned a level 1 spell: Slow
  7624 | Bailey   | Noticed an orc warlord
  7634 | Bailey   | Reached skill level 1 in Air Magic
  7917 | Bailey   | Reached skill level 5 in Fire Magic
  7920 | Bailey   | Gained mutation: You are mostly covered in razor-sharp
                  | scales. (AC +2, Slay +2) [demonic ancestry]
  7920 | Bailey   | Reached XP level 9. HP: 20/65 MP: 1/15
  8057 | Bailey   | Found a runed translucent gate.
  8062 | Bailey   | Found a runed translucent gate.
  8065 | Bailey   | Found a runed translucent gate.
  8414 | Bailey   | Mangled by an orc warlord

Illustrated notes

Levels and vault maps discovered:
D:1:      doesnt_arrival_eight_statues, layout_loops_ring,
          shapermc_ecumenical_altar_mp_highgroup
D:2:      layout_basic
D:3:      layout_basic, serial_bayou_pond_d
D:4:      layout_basic, minmay_temple_entry_statues_pillars,
          minmay_gold_behind_fungi, minmay_misc_feat_doors, uniq_menkaure
D:5:      layout_layer_cave, uniq_blork_the_orc
D:6:      layout_rooms, kennysheep_flooded_box
D:7:      layout_basic, minitemple, serial_shops, nicolae_shop_crystal,
          enter_bailey_2, kennysheep_generic_room_12, uniq_joseph
Temple:   chequers_temple_sunken
Bailey:   bailey_axe_bossmonster_kennysheep, bailey

Skill      XL: |  1  2  3  4  5  6  7  8  9 |
---------------+----------------------------+-----
Stealth        | 2 3 4 |  4.6
Dodging        | 2 3 4 |  4.2
Fighting       | 1 2 3 4 |  4.1
Fire Magic     | 3 4 5 |  5.1
Conjurations   | 2 3 4 |  4.3
Spellcasting   | 3 4 |  4.3
Hexes          | 1 2 3 4 |  4.0
Transmutations | 1 |  1.3
Air Magic      | 1 |  1.2

Action                   |  1- 3 |  4- 6 |  7- 9 || total
-------------------------+-------+-------+-------++-------
Melee: Unarmed           |    10 |       |       ||    10
       Long sword        |     6 |       |       ||     6
       Dagger            |    14 |    42 |    25 ||    81
       Punch             |       |     1 |       ||     1
       Hand axe          |       |       |    30 ||    30
Throw: Boomerang         |     4 |       |       ||     4
 Cast: Foxfire           |    33 |    50 |    92 ||   175
       Scorch            |    12 |    27 |    57 ||    96
       Inner Flame       |       |     1 |     6 ||     7
       Slow              |       |       |     1 ||     1
Evoke: Wand              |       |       |     3 ||     3
  Use: Potion            |     2 |       |     4 ||     6
       Scroll            |     1 |     1 |    18 ||    20
 Stab: Sleeping          |       |     4 |     2 ||     6
Armor: Robe              |     6 |     6 |    15 ||    27
Dodge: Dodged            |    27 |    32 |    86 ||   145
